[Event "Titled Tuesday Blitz October 31 Late 2023"]
[White "Kawuma, Patrick"]
[Black "Harriott, Tyrell"]
[WhiteFideId "10000127"]
[BlackFideId "2086484"]
[WhiteElo "2409"]
[BlackElo "2322"]
[Result "1-0"]
[Round "10"]
[TimeControl "180+1"]
[Date "2023.10.31"]
[WhiteClock "0:00:55"]
[BlackClock "0:00:48"]
[Board "82"]

1. Nf3 d5 2. g3 e6 3. Bg2 f5 4. O-O Bd6 5. c4 c6 6. d3 Nf6 7. Nc3 O-O 8. e4 Be7 9. cxd5 exd5 10. exd5 Nxd5 11. Nxd5 Qxd5 12. Re1 Bd6 13. Ng5 Qb5 14. Qh5 h6 15. Qg6 hxg5 16. Qxd6 f4 17. Re5 fxg3 18. Rxb5 gxf2+ 19. Kf1 cxb5 20. Bd5+ Kh8 21. Qxf8+ Kh7 22. Be4+ g6 23. Qf7+ Kh8 24. Qf6+ Kg8 25. Bd5+ Kh7 26. Qe7+ Kh8 27. Qf8+ Kh7 28. Bg8+ Kh8 29. Bf7+ Kh7 30. Qg8+ 1-0


[Site "https://www.chess.com"]

[Event "Titled Tuesday Blitz October 31 Late 2023"]
[White "ChessLebaneseSalah"]
[Black "Sramek, Vojtech"]
[BlackFideId "358681"]
[WhiteElo "2397"]
[BlackElo "2296"]
[Result "1-0"]
[Round "10"]
[TimeControl "180+1"]
[Date "2023.10.31"]
[WhiteClock "0:00:04"]
[BlackClock "0:00:00"]
[Board "83"]

1. e4 c5 2. Nf3 d6 3. c3 Nf6 4. h3 g6 5. Bd3 Bg7 6. Bc2 O-O 7. d4 Qc7 8. O-O Rd8 9. Re1 b6 10. Qe2 Ba6 11. Qe3 cxd4 12. Nxd4 Nc6 13. Na3 Rac8 14. Bb3 Bb7 15. f4 Nxd4 16. cxd4 Bxe4 17. Nb5 Qb7 18. Qf2 e6 19. Nc3 Bc6 20. f5 exf5 21. Bg5 Re8 22. g4 Ne4 23. Nxe4 Bxe4 24. gxf5 Bxf5 25. Rad1 d5 26. Qf3 Be4 27. Qf4 Qd7 28. Rf1 Bf5 29. h4 Re4 30. Qf2 h5 31. Kh2 f6 32. Bf4 Rce8 33. Rfe1 Rxe1 34. Rxe1 Rxe1 35. Qxe1 Qe6 36. Qf2 Qe4 37. Bg3 Bg4 38. Kg1 Bf3 39. Kh2 Qe2 40. Bxd5+ Kh7 41. Bxf3 Qd3 42. Be2 Qb1 43. a3 Qxb2 44. Bd3 Qb3 45. Qe2 Qf7 46. Qxh5+ Kg8 47. Qe2 f5 48. Qf3 Bxd4 49. Qe2 Bf6 50. Bc4 1-0


[Site "https://www.chess.com"]

[Event "Titled Tuesday Blitz October 31 Late 2023"]
[White "Vifleemskaia, Svetlana"]
[Black "Nikolova, Adriana"]
[WhiteFideId "4129490"]
[BlackFideId "2908689"]
[WhiteElo "2295"]
[BlackElo "2393"]
[Result "0-1"]
[Round "10"]
[TimeControl "180+1"]
[Date "2023.10.31"]
[WhiteClock "0:00:06"]
[BlackClock "0:01:52"]
[Board "84"]

1. d4 d5 2. c4 c6 3. cxd5 cxd5 4. Bf4 Nf6 5. Nc3 a6 6. e3 Nc6 7. Bd3 Bg4 8. Nge2 e6 9. O-O Bd6 10. f3 Bh5 11. Rc1 O-O 12. a3 Bg6 13. b4 Rc8 14. Na4 Qe7 15. Nc5 Bxc5 16. bxc5 e5 17. Bxg6 exf4 18. Bf5 Qxe3+ 19. Kh1 Rce8 20. Bd3 g6 21. Rb1 Nxd4 22. Nxd4 Qxd4 23. Rxb7 Qxc5 24. a4 a5 25. Rb5 Qe3 26. Rxa5 Re5 27. Qc2 Nh5 28. h3 Ng3+ 29. Kh2 Nxf1+ 30. Bxf1 Qe1 31. Bd3 Qxa5 0-1


[Site "https://www.chess.com"]

[Event "Titled Tuesday Blitz October 31 Late 2023"]
[White "Todorovic, Bojan"]
[Black "Bazzano, Sebastian"]
[WhiteFideId "917087"]
[BlackFideId "104566"]
[WhiteElo "2384"]
[BlackElo "2283"]
[Result "1/2-1/2"]
[Round "10"]
[TimeControl "180+1"]
[Date "2023.10.31"]
[WhiteClock "0:00:18"]
[BlackClock "0:00:39"]
[Board "85"]

1. Nf3 Nf6 2. g3 g6 3. Bg2 Bg7 4. O-O O-O 5. c4 c5 6. Nc3 Nc6 7. a3 d5 8. d3 dxc4 9. dxc4 Be6 10. Qa4 Nd4 11. Nxd4 cxd4 12. Ne4 Nxe4 13. Bxe4 Rc8 14. Qxa7 Bxc4 15. Bd3 Bxd3 16. exd3 Qd5 17. Bd2 Rc2 18. Bb4 Rxb2 19. Rac1 Bf6 20. Rc7 Qf3 21. Rxb7 Qxd3 22. Bxe7 Rxb7 23. Qxb7 Bxe7 24. Qxe7 Rb8 25. a4 Rb1 26. Rxb1 Qxb1+ 27. Kg2 d3 28. a5 Qa1 29. Qd8+ Kg7 30. Qxd3 Qxa5 31. Qd4+ Kg8 32. h4 1/2-1/2


[Site "https://www.chess.com"]

[Event "Titled Tuesday Blitz October 31 Late 2023"]
[White "Lalanne, Pablo"]
[Black "De Souza, Cristiano Gomes"]
[WhiteFideId "112151"]
[BlackFideId "2151758"]
[WhiteElo "2339"]
[BlackElo "2255"]
[Result "0-1"]
[Round "10"]
[TimeControl "180+1"]
[Date "2023.10.31"]
[WhiteClock "0:00:24"]
[BlackClock "0:00:43"]
[Board "86"]

1. e4 c5 2. Nf3 d6 3. d4 cxd4 4. Nxd4 Nf6 5. Nc3 g6 6. Be3 Bg7 7. f3 O-O 8. Qd2 Nc6 9. O-O-O d5 10. Kb1 Nxd4 11. e5 Nf5 12. exf6 Bxf6 13. Nxd5 Be6 14. Nxf6+ exf6 15. Bc5 Qxd2 16. Rxd2 Rfd8 17. Rxd8+ Rxd8 18. Bd3 b6 19. Bf2 h5 20. g4 hxg4 21. fxg4 Ne7 22. h3 Nd5 23. a3 Nf4 24. Bb5 Bd5 25. Rh2 Be6 26. b3 Rd1+ 27. Kb2 Kg7 28. Be3 Nd5 29. Bd2 g5 30. Bd3 a5 31. c4 Ne7 32. Kc2 Ra1 33. Kb2 Rd1 34. Bc2 Rg1 35. Be3 Rg3 36. Bxb6 a4 37. Bc5 Nc6 38. Be4 Ne5 39. Bc2 axb3 40. Bxb3 Nd3+ 41. Ka2 Nxc5 42. a4 Rc3 0-1


[Site "https://www.chess.com"]

[Event "Titled Tuesday Blitz October 31 Late 2023"]
[White "Buscar, Michael"]
[Black "Souza, Gustavo Horokoski De"]
[WhiteFideId "2603616"]
[BlackFideId "2146584"]
[WhiteElo "2337"]
[BlackElo "2203"]
[Result "0-1"]
[Round "10"]
[TimeControl "180+1"]
[Date "2023.10.31"]
[WhiteClock "0:00:31"]
[BlackClock "0:00:49"]
[Board "87"]

1. Nf3 Nf6 2. b3 g6 3. Bb2 Bg7 4. e4 d6 5. Bc4 O-O 6. Qe2 Nbd7 7. O-O a6 8. b4 b5 9. Bb3 Bb7 10. d3 h5 11. Nbd2 Ng4 12. Bxg7 Kxg7 13. c4 Nge5 14. Nxe5 Nxe5 15. d4 Nxc4 16. Nxc4 bxc4 17. Bxc4 a5 18. b5 a4 19. f4 c6 20. bxc6 Bxc6 21. d5 Bd7 22. f5 Qc8 23. Kh1 Ra7 24. Rac1 Rc7 25. fxg6 fxg6 26. Rxf8 Qxf8 27. Rf1 Qc8 28. Qb2+ Kh6 29. Bd3 Bg4 30. e5 Rc3 31. Qd2+ Kg7 32. e6 Rxd3 33. Qxd3 Bf5 34. Qd4+ Kh7 35. Qxa4 Qc5 36. Qb3 Qa5 37. h3 Qd2 38. Rd1 Qe2 39. a4 Bc2 40. Qf3 Qxf3 41. gxf3 Bxd1 42. a5 Bxf3+ 0-1


[Site "https://www.chess.com"]

[Event "Titled Tuesday Blitz October 31 Late 2023"]
[White "Flameboard08"]
[Black "Alfaro, William"]
[BlackFideId "6100457"]
[WhiteElo "2571"]
[BlackElo "2216"]
[Result "1-0"]
[Round "10"]
[TimeControl "180+1"]
[Date "2023.10.31"]
[WhiteClock "0:01:20"]
[BlackClock "0:00:22"]
[Board "88"]

1. f4 d5 2. Nf3 c5 3. d3 Nc6 4. g3 Nf6 5. Bg2 e6 6. O-O Be7 7. Nbd2 O-O 8. e4 d4 9. h3 Qc7 10. a4 e5 11. f5 h6 12. g4 Nh7 13. h4 Bd7 14. Nc4 f6 15. Bd2 a6 16. a5 Be8 17. Qc1 Bf7 18. g5 Bxc4 19. dxc4 hxg5 20. hxg5 Nxg5 21. Nxg5 fxg5 22. Bf3 Nd8 23. Kg2 Nf7 24. Rh1 Nh6 25. Bxg5 Bxg5 26. Qxg5 Qd6 27. Kf2 Qf6 28. Qh5 Rf7 29. Rag1 Kf8 30. Rg6 Qd8 31. Rxh6 gxh6 32. Qxh6+ Ke7 33. Qe6+ Kf8 34. Rh8+ Kg7 35. Qh6# 1-0


[Site "https://www.chess.com"]

[Event "Titled Tuesday Blitz October 31 Late 2023"]
[White "Do Nascimento,Christian Almeida"]
[Black "Bokros, Albert"]
[WhiteFideId "2143801"]
[BlackFideId "710458"]
[WhiteElo "2557"]
[BlackElo "2333"]
[Result "0-1"]
[Round "10"]
[TimeControl "180+1"]
[Date "2023.10.31"]
[WhiteClock "0:00:13"]
[BlackClock "0:00:08"]
[Board "89"]

1. d4 d5 2. c4 c6 3. Nf3 e6 4. Nc3 dxc4 5. a4 Bb4 6. e4 b5 7. axb5 cxb5 8. Bd2 Bxc3 9. bxc3 Nf6 10. Qb1 a6 11. Be2 Bb7 12. e5 Nd5 13. Bxc4 Nd7 14. Bd3 Rc8 15. Qb2 Qc7 16. O-O N7b6 17. Rfb1 O-O 18. Qc2 Nc4 19. Bxh7+ Kh8 20. Be1 g6 21. Ng5 Qe7 22. h4 Na3 23. Rxa3 Qxa3 24. Bxg6 fxg6 25. Qxg6 Qe7 26. Qh6+ Kg8 27. Rd1 Nxc3 28. Rd3 Ne2+ 29. Kh2 Qg7 30. Qxe6+ Kh8 31. Qd6 Nf4 32. Rg3 Rc6 33. Ne6 Rxd6 34. Nxg7 Rxd4 35. Bc3 Rc4 36. e6 Nd5 37. Be5 Re4 38. Bb2 Nf6 39. e7 Re8 40. Nh5 R8xe7 41. Bxf6+ Kh7 42. Bxe7 Rxe7 43. Nf6+ Kh6 44. h5 Rg7 45. Ng4+ Kh7 46. Nf6+ Kh6 47. Rxg7 Kxg7 48. Nd7 a5 49. Nc5 Bc6 50. Kg3 b4 51. f3 a4 52. Kf4 b3 53. Ke3 b2 54. Ne6+ Kf6 55. Nd4 b1=Q 56. Nxc6 Qb3+ 57. Ke4 Qc2+ 58. Kd5 Qxg2 59. Nd4 a3 60. Ke4 a2 61. Nb5 a1=Q 62. Nd6 Qe2+ 63. Kf4 Qae5+ 0-1


[Site "https://www.chess.com"]

[Event "Titled Tuesday Blitz October 31 Late 2023"]
[White "Chocenka, Dmitrijus"]
[Black "Padalka, Artem"]
[WhiteFideId "12802336"]
[BlackFideId "14118637"]
[WhiteElo "2474"]
[BlackElo "2329"]
[Result "1-0"]
[Round "10"]
[TimeControl "180+1"]
[Date "2023.10.31"]
[WhiteClock "0:00:45"]
[BlackClock "0:00:24"]
[Board "90"]

1. e4 c5 2. Nf3 d6 3. d4 cxd4 4. Nxd4 Nf6 5. Nc3 g6 6. f3 Bg7 7. Bc4 Nc6 8. Be3 O-O 9. Qd2 Nxd4 10. Bxd4 Be6 11. Bb3 Qa5 12. O-O Nd7 13. Bxg7 Kxg7 14. Rfd1 Qc5+ 15. Kh1 Rac8 16. f4 Nb6 17. f5 Bc4 18. Qg5 Qe5 19. Rd2 f6 20. Qg4 g5 21. Rad1 a5 22. Rd4 a4 23. Bxa4 Nxa4 24. Nxa4 Bxa2 25. Nb6 Rxc2 26. Nd7 Qc5 27. Nxc5 Rxc5 28. h4 h6 29. Rb4 b5 30. b3 Rfc8 31. Qh5 Rc1 32. Qg6+ Kf8 33. Qxh6+ Ke8 34. Rxc1 Rxc1+ 35. Kh2 gxh4 36. Rxb5 Rc2 37. Rb7 1-0


[Site "https://www.chess.com"]

[Event "Titled Tuesday Blitz October 31 Late 2023"]
[White "Kujawski, Adam"]
[Black "Arutla, Aditya"]
[WhiteFideId "1100920"]
[BlackFideId "30961998"]
[WhiteElo "2331"]
[BlackElo "2424"]
[Result "1-0"]
[Round "10"]
[TimeControl "180+1"]
[Date "2023.10.31"]
[WhiteClock "0:01:58"]
[BlackClock "0:01:48"]
[Board "91"]

1. e4 e6 2. d4 Ke7 3. c4 d5 4. Nc3 dxe4 5. Nxe4 Nf6 6. Ng3 Nc6 7. Nf3 Ke8 8. Be2 Bb4+ 9. Bd2 Qd6 10. O-O Bxd2 11. Qxd2 b6 12. Rad1 Bb7 13. Rfe1 Rd8 14. d5 exd5 15. Nf5 Qd7 16. cxd5 Ne7 17. Nxe7 1-0


[Site "https://www.chess.com"]

[Event "Titled Tuesday Blitz October 31 Late 2023"]
[White "Minina, Veronika"]
[Black "Liu, Casper"]
[WhiteFideId "4174780"]
[BlackFideId "1454153"]
[WhiteElo "2324"]
[BlackElo "2422"]
[Result "0-1"]
[Round "10"]
[TimeControl "180+1"]
[Date "2023.10.31"]
[WhiteClock "0:00:00"]
[BlackClock "0:00:06"]
[Board "92"]

1. Nf3 Nf6 2. g3 g6 3. Bg2 Bg7 4. c4 O-O 5. O-O b6 6. Nc3 Bb7 7. d4 c5 8. d5 e6 9. e4 exd5 10. exd5 d6 11. h3 Nbd7 12. Bg5 h6 13. Bf4 Ne8 14. Nb5 Ne5 15. Nxe5 dxe5 16. Be3 a6 17. Nc3 f5 18. Qd2 g5 19. f4 Nd6 20. b3 gxf4 21. gxf4 Qh4 22. Rae1 Rae8 23. Kh2 Rf7 24. Bf2 Qxf4+ 25. Qxf4 exf4 26. Rxe8+ Nxe8 27. Ne2 Be5 28. Bf3 Rg7 29. Nc1 Nf6 30. Nd3 Bd6 31. Be1 Ne4 32. Bxe4 f3+ 33. Kh1 fxe4 34. Nf2 e3 35. Ng4 f2 36. Bc3 Rxg4 37. hxg4 Bc8 38. Kg2 Bxg4 39. Rb1 Bf5 40. Rc1 Be4+ 41. Kf1 Bd3+ 42. Kg2 Kf7 43. Ra1 Kg6 44. Kf3 Bf4 45. Kg2 Be4+ 46. Kf1 Kf5 47. Rd1 Bd6 48. Bb2 Bf3 49. Ra1 Bg3 0-1


[Site "https://www.chess.com"]

[Event "Titled Tuesday Blitz October 31 Late 2023"]
[White "Su, Dion"]
[Black "Skaric, Djuro"]
[WhiteFideId "2029731"]
[BlackFideId "934569"]
[WhiteElo "2403"]
[BlackElo "2308"]
[Result "1-0"]
[Round "10"]
[TimeControl "180+1"]
[Date "2023.10.31"]
[WhiteClock "0:00:13"]
[BlackClock "0:00:00"]
[Board "93"]

1. e4 d6 2. d4 g6 3. Nc3 Bg7 4. f4 Nf6 5. Nf3 O-O 6. Bd3 Nc6 7. O-O e5 8. fxe5 dxe5 9. d5 Ne7 10. Nxe5 Nxe4 11. Nxg6 hxg6 12. Bxe4 Bxc3 13. bxc3 Qd6 14. Bh6 Re8 15. Kh1 Nf5 16. Bxf5 Bxf5 17. Qd4 Qe5 18. Qc4 Be4 19. Rad1 Qh5 20. Bf4 c6 21. d6 Qg4 22. Rd2 Bd5 23. Qd3 Be4 24. Qg3 Qxg3 25. Bxg3 Rad8 26. c4 Rd7 27. Kg1 f5 28. c5 g5 29. h4 f4 30. Be1 gxh4 31. Rxf4 Re6 32. Bxh4 Bd5 33. c4 Be4 34. Be7 Bg6 35. Rdf2 Rexe7 36. dxe7 Rxe7 37. Rf8+ Kg7 38. Rd8 Be4 39. Rd6 Bd3 40. Rf4 Bb1 41. a3 1-0


[Site "https://www.chess.com"]

[Event "Titled Tuesday Blitz October 31 Late 2023"]
[White "Novikova, Galina"]
[Black "Fominykh, Maria"]
[WhiteFideId "4157095"]
[BlackFideId "4142411"]
[WhiteElo "2394"]
[BlackElo "2305"]
[Result "0-1"]
[Round "10"]
[TimeControl "180+1"]
[Date "2023.10.31"]
[WhiteClock "0:01:52"]
[BlackClock "0:00:05"]
[Board "94"]

1. e4 d6 2. d4 Nf6 3. Nc3 e5 4. f3 Be7 5. Be3 c6 6. Qd2 b5 7. O-O-O b4 8. Nce2 a5 9. Kb1 Ba6 10. g4 O-O 11. h4 exd4 12. Nxd4 Bxf1 13. Rxf1 d5 14. g5 Nh5 15. e5 Ng3 16. Nge2 Nxf1 17. Rxf1 c5 18. Nf5 Nc6 19. f4 d4 20. Bf2 Qd7 21. Nfg3 a4 22. h5 b3 23. cxb3 axb3 24. a3 Rfd8 25. g6 fxg6 26. hxg6 hxg6 27. Qd3 Qe6 28. Rc1 Na5 29. Qe4 Rac8 30. f5 gxf5 31. Nxf5 Bg5 32. Rg1 Bh6 33. Nf4 Bxf4 34. Rxg7+ Kf8 35. Qxf4 Ke8 36. Re7+ Qxe7 37. Nxe7 Kxe7 38. Qf6+ Kd7 39. Qd6+ Ke8 40. Qe6+ Kf8 41. Bh4 Re8 42. Qf6+ Kg8 43. e6 Rc7 44. Qg6+ Kf8 45. Bg5 Rg7 46. Bh6 Re7 47. Bxg7+ Rxg7 48. Qf6+ Kg8 49. e7 Rg1+ 50. Qf1 Rxf1# 0-1


[Site "https://www.chess.com"]

[Event "Titled Tuesday Blitz October 31 Late 2023"]
[White "Mushini Ajay"]
[Black "Lock, Gavin R"]
[WhiteFideId "35066188"]
[BlackFideId "408646"]
[WhiteElo "2381"]
[BlackElo "2255"]
[Result "1-0"]
[Round "10"]
[TimeControl "180+1"]
[Date "2023.10.31"]
[WhiteClock "0:01:36"]
[BlackClock "0:00:16"]
[Board "95"]

1. e4 c6 2. d4 d5 3. exd5 cxd5 4. c3 Nc6 5. Bd3 Nf6 6. Bf4 Bg4 7. Qc2 e6 8. Nd2 Bd6 9. Bg3 Rc8 10. Ngf3 O-O 11. Qb1 Bh5 12. Ne5 Bg6 13. Bxg6 hxg6 14. f4 Ne7 15. O-O b5 16. a3 Nf5 17. Bf2 Be7 18. Qd3 Nd6 19. Bh4 a5 20. Bxf6 gxf6 21. Nxg6 Nf5 22. Nxf8 Bxf8 23. g4 Nd6 24. f5 Bh6 25. fxe6 Kg7 26. exf7 Nxf7 27. Nf3 Rb8 28. Nh4 Nd6 29. Nf5+ Nxf5 30. Qxf5 Qd6 31. Rae1 Rf8 32. Re6 Qd8 33. h4 1-0


[Site "https://www.chess.com"]

[Event "Titled Tuesday Blitz October 31 Late 2023"]
[White "Broca Jimenez, Fernando"]
[Black "Bogaudinov, Rushan"]
[WhiteFideId "5104742"]
[BlackFideId "4129288"]
[WhiteElo "2251"]
[BlackElo "2358"]
[Result "1-0"]
[Round "10"]
[TimeControl "180+1"]
[Date "2023.10.31"]
[WhiteClock "0:00:20"]
[BlackClock "0:00:06"]
[Board "96"]

1. e4 a6 2. d4 e6 3. Nf3 d5 4. exd5 exd5 5. Bd3 Nf6 6. O-O Be7 7. Bg5 O-O 8. Re1 Nc6 9. h3 Re8 10. c3 Ne4 11. Bxe7 Rxe7 12. Nbd2 Bf5 13. Nh4 Bg6 14. Nxg6 hxg6 15. Nxe4 dxe4 16. Rxe4 Qd6 17. Rxe7 Nxe7 18. Qf3 c6 19. Re1 Nd5 20. Bc4 Nf6 21. Re3 b5 22. Bb3 a5 23. Qg3 Qxg3 24. fxg3 Kf8 25. Kf2 a4 26. Bc2 a3 27. b3 Rd8 28. Be4 Rd6 29. Bf3 g5 30. Ke2 g6 31. Kd3 Nh5 32. Bxh5 gxh5 33. c4 Rf6 34. cxb5 cxb5 35. Re2 b4 36. Kc4 Rb6 37. Kc5 Rb8 38. d5 Rc8+ 39. Kxb4 Rc1 40. Kxa3 Rd1 41. Ka4 Rxd5 42. b4 f5 43. b5 Rd8 44. b6 Ra8+ 45. Kb5 Rb8 46. Kc6 Rc8+ 47. Kb7 Rc4 48. Re5 f4 49. Rxg5 fxg3 50. Rxg3 Ra4 51. a3 h4 52. Rc3 Ke7 53. Kc7 Ke6 54. b7 Kd5 55. b8=Q Kd4 56. Rc6 Ke3 57. Qb3+ Kf2 58. Qxa4 Kg3 59. Qg4+ Kh2 60. g3 hxg3 61. Rc2+ Kh1 62. Qf3+ Kg1 63. Qg2# 1-0


[Site "https://www.chess.com"]

[Event "Titled Tuesday Blitz October 31 Late 2023"]
[White "Rose, Felix"]
[Black "Clawitter, Craig"]
[WhiteFideId "5105722"]
[BlackFideId "2023105"]
[WhiteElo "2343"]
[BlackElo "2233"]
[Result "0-1"]
[Round "10"]
[TimeControl "180+1"]
[Date "2023.10.31"]
[WhiteClock "0:00:30"]
[BlackClock "0:00:19"]
[Board "97"]

1. e4 e6 2. d4 d5 3. Nc3 Bb4 4. e5 c5 5. a3 Bxc3+ 6. bxc3 Ne7 7. Qg4 Qc7 8. Bd3 c4 9. Be2 Qa5 10. Bd2 Nf5 11. h4 Nc6 12. h5 h6 13. Qf4 Bd7 14. Rh3 O-O-O 15. g4 Nfe7 16. Rf3 Rdf8 17. Nh3 f6 18. Qg3 fxe5 19. Rxf8+ Rxf8 20. dxe5 Qa4 21. Bd1 d4 22. cxd4 Nxd4 23. Qc3 Nec6 24. Ng1 Qb5 25. Be3 Qxe5 26. Rb1 Nf3+ 27. Nxf3 Qxc3+ 28. Bd2 Qf6 29. Be2 Nd4 30. Nxd4 Qxf2+ 31. Kd1 Qg1+ 32. Be1 Qxd4+ 33. Kc1 Qe3+ 34. Kd1 Rf4 35. c3 Bc6 36. Bd2 Qg1+ 37. Be1 Be4 38. Rb2 Bd3 39. Bxd3 cxd3 40. Rd2 Re4 41. Rxd3 Qxe1+ 42. Kc2 Qe2+ 43. Rd2 Qc4 44. g5 Re2 45. gxh6 Rxd2+ 46. Kxd2 gxh6 47. a4 Qa2+ 48. Kd3 Qxa4 49. c4 Qc6 50. Kd4 Qf3 51. Ke5 Qxh5+ 52. Kd6 Qg5 53. c5 Qd5+ 54. Ke7 Qd7+ 55. Kf6 e5 56. Kxe5 h5 57. Kf4 Qg7 58. c6 bxc6 59. Kf3 h4 60. Kf2 h3 61. Ke3 h2 62. Kd3 h1=Q 63. Kc4 Qh4+ 64. Kc5 Qgd4+ 65. Kxc6 Qb6+ 66. Kd5 Qg5+ 67. Ke4 Qb4+ 68. Kd3 Qg3+ 69. Kc2 Qc4+ 70. Kd2 Qd4+ 71. Ke2 Qdf2+ 72. Kd1 Qgg1# 0-1


[Site "https://www.chess.com"]

[Event "Titled Tuesday Blitz October 31 Late 2023"]
[White "Modric, Nesa"]
[Black "Wanyama, Harold"]
[WhiteFideId "922579"]
[BlackFideId "10000380"]
[WhiteElo "2241"]
[BlackElo "2416"]
[Result "0-1"]
[Round "10"]
[TimeControl "180+1"]
[Date "2023.10.31"]
[WhiteClock "0:00:00"]
[BlackClock "0:00:46"]
[Board "98"]

1. e4 c5 2. c3 Nf6 3. e5 Nd5 4. Nf3 e6 5. d4 cxd4 6. cxd4 Qc7 7. a3 d6 8. Bd3 Be7 9. O-O Nd7 10. Qe2 b6 11. Bd2 Bb7 12. Nc3 Nxc3 13. Bxc3 O-O 14. Be4 Bxe4 15. Qxe4 d5 16. Qg4 Kh8 17. h4 Qd8 18. h5 h6 19. Bd2 Rc8 20. Rac1 b5 21. g3 Nb6 22. Ba5 Rc4 23. b3 Rxc1 24. Rxc1 Bxa3 25. Rc2 Be7 26. Kg2 Qb8 27. Bxb6 Qxb6 28. Nh2 a5 29. f4 Qxd4 30. Nf3 Qb6 31. f5 Ra8 32. Qf4 exf5 33. Qxf5 Qe6 34. Qf4 d4 35. Nxd4 Qd5+ 36. Kh2 Bg5 37. Qf2 a4 38. Nf3 Be7 39. bxa4 bxa4 40. Rd2 Qe6 41. Nd4 Qxe5 42. Qxf7 Bf6 43. Nf5 Qxf5 44. Re2 a3 45. Re8+ Rxe8 46. Qxe8+ Kh7 0-1


[Site "https://www.chess.com"]

[Event "Titled Tuesday Blitz October 31 Late 2023"]
[White "Pein, Jonathan"]
[Black "Guha, Eshan"]
[WhiteFideId "417092"]
[BlackFideId "30958628"]
[WhiteElo "2296"]
[BlackElo "2342"]
[Result "0-1"]
[Round "10"]
[TimeControl "180+1"]
[Date "2023.10.31"]
[WhiteClock "0:00:00"]
[BlackClock "0:00:11"]
[Board "99"]

1. b3 Nf6 2. Bb2 g6 3. Bxf6 exf6 4. c4 f5 5. Nc3 Bg7 6. g3 O-O 7. Bg2 d6 8. e3 c6 9. h4 Nd7 10. Nh3 Nf6 11. Nf4 h6 12. O-O Re8 13. Rc1 Ne4 14. d4 Qe7 15. Qd3 a5 16. a3 Bd7 17. Rfe1 Nf6 18. Nh3 Ne4 19. Nf4 Nf6 20. Nh3 Bh8 21. e4 fxe4 22. Nxe4 Nxe4 23. Rxe4 Qf6 24. Rxe8+ Rxe8 25. Rd1 Bg4 26. f3 Bf5 27. Qf1 Bc2 28. Rd2 Bxb3 29. Nf2 a4 30. Ne4 Qe7 31. Kh2 Kh7 32. Re2 Qd8 33. Qe1 Rf8 34. Qc3 c5 35. Qd2 Bxd4 36. Nc3 Bxc4 37. Re1 b5 38. f4 Re8 39. Ne4 d5 40. Nf2 Rxe1 41. Qxe1 Bxf2 42. Qxf2 d4 43. Qe1 Qd7 44. h5 Qe6 45. hxg6+ fxg6 46. Qd2 Qe3 47. Qc2 Qe2 0-1


[Site "https://www.chess.com"]

[Event "Titled Tuesday Blitz October 31 Late 2023"]
[White "Sarkar, Justin"]
[Black "Elbebiber"]
[WhiteFideId "2010011"]
[WhiteElo "2218"]
[BlackElo "2169"]
[Result "1/2-1/2"]
[Round "10"]
[TimeControl "180+1"]
[Date "2023.10.31"]
[WhiteClock "0:00:04"]
[BlackClock "0:00:17"]
[Board "100"]

1. d4 e6 2. e4 d5 3. Nc3 dxe4 4. Nxe4 Bd7 5. Nf3 Bc6 6. Bd3 Nd7 7. O-O Ngf6 8. Ned2 Be7 9. Re1 O-O 10. Ne5 Nxe5 11. dxe5 Nd7 12. Nb3 Nc5 13. Nxc5 Bxc5 14. Qh5 g6 15. Qh6 Re8 16. Bg5 Be7 17. h4 Bxg5 18. hxg5 Qe7 19. Rad1 Rad8 20. Re3 Qf8 21. Qxf8+ Kxf8 22. Be2 Rxd1+ 23. Bxd1 Rd8 24. Rd3 Rd5 25. Rxd5 Bxd5 26. a3 Ke7 27. f4 c5 28. Kf2 b6 29. g3 Be4 30. Ke3 Bc6 31. c3 Bb5 32. b4 cxb4 33. cxb4 Kd7 34. Bc2 Ke7 35. Be4 Bd7 36. Bc2 Bc8 37. Bd3 Bb7 38. Bc2 Kd7 39. Ba4+ Ke7 40. Bb3 Bg2 41. Ba4 Bb7 42. Bb5 Bc8 43. Kd4 Bb7 44. Ba4 Bc8 45. Bb5 Bb7 46. Ba4 Bc8 47. Bc6 Ba6 48. Ba4 Be2 49. Bc6 Bf1 50. Ba4 Be2 51. Bc6 Bf1 52. Ba4 Bg2 53. Bb5 Bb7 1/2-1/2


[Site "https://www.chess.com"]

[Event "Titled Tuesday Blitz October 31 Late 2023"]
[White "nicholas_ilic"]
[Black "Vila Dupla, Aurelio"]
[BlackFideId "2203383"]
[WhiteElo "2365"]
[BlackElo "2225"]
[Result "1-0"]
[Round "10"]
[TimeControl "180+1"]
[Date "2023.10.31"]
[WhiteClock "0:00:39"]
[BlackClock "0:00:00"]
[Board "101"]

1. e4 c5 2. d4 cxd4 3. c3 dxc3 4. Nxc3 Nc6 5. Bc4 e6 6. Nf3 a6 7. O-O Bb4 8. Bg5 Qa5 9. Bd2 Nge7 10. a3 Bxc3 11. Bxc3 Qc5 12. Qe2 O-O 13. b4 Qh5 14. e5 Nf5 15. Qe4 d5 16. exd6 Nxd6 17. Qe2 Nxc4 18. Qxc4 e5 19. Rae1 Be6 20. Qe4 f6 21. a4 Rfd8 22. b5 Bd5 23. Qe3 Bxf3 24. gxf3 axb5 25. axb5 Nd4 26. Bxd4 Rxd4 27. Qb3+ Kh8 28. Rc1 Rh4 29. Qa2 Rg8 30. Rfd1 Qxf3 31. Qd5 Rg4+ 32. Kf1 Qh3+ 33. Ke2 Qh5 34. Kf1 Qg6 35. Qxb7 Rg1+ 36. Ke2 Qh5+ 37. Qf3 Qxf3+ 38. Kxf3 Rxd1 39. Rxd1 1-0


[Site "https://www.chess.com"]

[Event "Titled Tuesday Blitz October 31 Late 2023"]
[White "Baghdasaryan, Vahe"]
[Black "Smirnov, Timofey"]
[WhiteFideId "13303139"]
[BlackFideId "24176427"]
[WhiteElo "2352"]
[BlackElo "2202"]
[Result "1/2-1/2"]
[Round "10"]
[TimeControl "180+1"]
[Date "2023.10.31"]
[WhiteClock "0:00:11"]
[BlackClock "0:00:08"]
[Board "102"]

1. e4 e5 2. Nf3 Nf6 3. d4 Nxe4 4. Bd3 Nc6 5. Nxe5 Nxe5 6. dxe5 d5 7. exd6 Nxd6 8. O-O Be7 9. Re1 O-O 10. Nc3 Be6 11. Qf3 c6 12. Bf4 Bf6 13. Bxd6 Qxd6 14. Ne4 Qd8 15. Nxf6+ Qxf6 16. Qxf6 gxf6 17. Rad1 Rad8 18. f4 f5 19. Re5 Rd5 20. Rde1 Rxe5 21. Rxe5 Rd8 22. Kf2 Rd5 23. Rxd5 cxd5 24. Ke3 Kg7 25. Kd4 Kf6 26. a4 b6 27. b4 Ke7 28. c3 Kd6 29. g3 Bd7 30. a5 b5 31. Be2 a6 32. Bf3 Be6 33. h3 f6 34. g4 fxg4 35. hxg4 h6 36. f5 Bf7 37. Be2 Bg8 38. Bf3 Bf7 39. Bg2 Bg8 40. Bf3 Bf7 1/2-1/2


[Site "https://www.chess.com"]

[Event "Titled Tuesday Blitz October 31 Late 2023"]
[White "Adel, Sara"]
[Black "Balla, Tamas-Kristof"]
[WhiteFideId "10616764"]
[BlackFideId "1208497"]
[WhiteElo "2185"]
[BlackElo "2317"]
[Result "1-0"]
[Round "10"]
[TimeControl "180+1"]
[Date "2023.10.31"]
[WhiteClock "0:01:13"]
[BlackClock "0:00:14"]
[Board "103"]

1. e4 c5 2. Nf3 Nc6 3. d4 cxd4 4. Nxd4 e5 5. Nb5 d6 6. N1c3 a6 7. Na3 b5 8. Nd5 Nge7 9. Bg5 h6 10. Bf6 Be6 11. Nxb5 axb5 12. Bxb5 Qa5+ 13. c3 Bxd5 14. Bxe7 Bxe7 15. Qxd5 O-O 16. Bxc6 Qxd5 17. exd5 Rab8 18. b4 f5 19. a4 f4 20. a5 f3 21. a6 fxg2 22. Rg1 Bh4 23. Rxg2 e4 24. Ke2 e3 25. fxe3 Ra8 26. a7 Bg5 27. b5 1-0


[Site "https://www.chess.com"]

[Event "Titled Tuesday Blitz October 31 Late 2023"]
[White "SlippperyWhenWet"]
[Black "Wisniowski, Natalie"]
[BlackFideId "30929261"]
[WhiteElo "2308"]
[BlackElo "2165"]
[Result "0-1"]
[Round "10"]
[TimeControl "180+1"]
[Date "2023.10.31"]
[WhiteClock "0:00:02"]
[BlackClock "0:00:28"]
[Board "104"]

1. Nc3 Nf6 2. e4 e5 3. Nf3 Nc6 4. Bb5 Bb4 5. O-O O-O 6. d3 d6 7. Ne2 Bg4 8. Bxc6 bxc6 9. Ng3 d5 10. h3 Bxf3 11. Qxf3 Bc5 12. Bg5 Be7 13. Bxf6 Bxf6 14. Rad1 Qe7 15. Nf5 Qc5 16. c3 Rab8 17. Qe2 Qb5 18. exd5 cxd5 19. b3 Rfe8 20. Qg4 e4 21. c4 dxc4 22. dxc4 Qa5 23. Rd5 Qxa2 24. Rfd1 Qxb3 25. Nh6+ Kf8 26. Rf5 Qc3 27. Rd7 gxh6 28. Qh5 Re7 29. Rxe7 Kxe7 30. Rc5 Qa1+ 31. Kh2 Rb7 32. Qf5 Qd4 33. Rd5 Qb6 34. Rd7+ Ke8 35. c5 Qc6 36. Rd2 Rb8 37. Rd4 Bxd4 0-1


[Site "https://www.chess.com"]